 Dungeon Crawl Stone Soup version 0.31.0-9-g3a7656b989 (console) character file.

Game seed: 17069782014342284141

40 AlterAsc the Shield-Bearer (level 3, 0/29 HPs)
             Began as a Formicid Fighter on Jan 31, 2024.
             Slain by a giant cockroach (2 damage)
             ... on level 2 of the Dungeon.
             The game lasted 00:01:55 (1074 turns).

AlterAsc the Shield-Bearer (Formicid Fighter)       Turns: 1074, Time: 00:01:55

Health: 0/29       AC:  6    Str: 22    XL:     3   Next: 72%
Magic:  3/3        EV:  9    Int:  7    God:
Gold:   57         SH:  5    Dex: 13    Spells: 2/2 levels left

rFire   . . .        a - +0 war axe
rCold   . . .        c - +0 buckler
rNeg    . . .        b - +0 scale mail
rPois   .            (helmet unavailable)
rElec   .            (no cloak)
rCorr   .            (no gloves)
SInv    +            (no boots)
Will    .....        (no amulet) Stlth
                     g - ring of flight
HPRegen 0.24/turn    (no ring)
MPRegen 0.08/turn

%: no passive effects
@: flying
A: permanent stasis, dig shafts and tunnels, antennae 3, four strong arms
a: Dig, Shaft Self


You were on level 2 of the Dungeon.
You visited 1 branch of the dungeon, and saw 2 of its levels.

You collected 57 gold pieces.

Inventory:

Hand Weapons
 a - a +0 war axe (weapon)
Armour
 b - a +0 scale mail (worn)
 c - a +0 buckler (worn)
Jewellery
 g - a ring of flight (left hand)
Scrolls
 e - a scroll of fog {unknown}
 f - a scroll of amnesia {unknown}
Potions
 d - 2 potions of might
 h - a potion of heal wounds {unknown}
 i - a potion of brilliance {unknown}


   Skills:
 - Level 3.2 Fighting
 + Level 3.8 Axes
 - Level 3.2 Armour
 - Level 4.0 Shields


You had 2 spell levels left.
You didn't know any spells.
Your spell library was empty.

Dungeon Overview and Level Annotations

Branches:
Dungeon (2/15)

Altars:

Annotations:
D:2 Natasha


Innate Abilities, Weirdness & Mutations

You cannot be hasted, slowed, berserked, paralysed or teleported.
You can dig through walls and to a lower floor.
You have a pair of large antennae on your head. (SInv)
Your four strong arms can wield two-handed weapons with a shield.


Message History

The giant cockroach barely misses you.
You closely miss the giant cockroach.
The giant cockroach bites you but does no damage.
The cerulean imp hits you but does no damage.
Natasha wildly gestures.
You feel disoriented. The giant cockroach bites you.
The cerulean imp closely misses you.
Natasha howls an incantation.
Natasha glows brightly for a moment.
Natasha barely misses you.
You slash Natasha!
Natasha is moderately wounded.
You barely miss the giant cockroach. The giant cockroach barely misses you.
You block the cerulean imp's attack. Natasha claws you!
You barely miss Natasha.
Natasha is moderately wounded.
You barely miss the giant cockroach. The giant cockroach bites you.
The cerulean imp hits you from afar with a +1 spear.
Natasha claws you.
The giant cockroach bites you but does no damage.
You completely miss Natasha.
Natasha is moderately wounded.
You hit the giant cockroach.
The cerulean imp hits you but does no damage.
Natasha claws you!
* * * LOW HITPOINT WARNING * * *
The giant cockroach misses you.
The cerulean imp hits you from afar with a +1 spear.
* * * LOW HITPOINT WARNING * * *
Natasha claws you.
* * * LOW HITPOINT WARNING * * *
The giant cockroach closely misses you.
A kobold comes into view.
It is wielding a +2 dagger of holy wrath.
The giant cockroach attacks as it pursues you!
You block the giant cockroach's attack.
Are you sure you want to shaft yourself?
The giant cockroach closely misses you. You block the cerulean imp's attack.
You begin to dig a shaft.
You continue digging a shaft.
The giant cockroach bites you.
You die...

##### { #...#
#...# # ....+ #
#.#...#
#.#.#.#.#####..
#....{#@.......
#.....B##.....#
###...5w##...K.#
................
.......)......##
..............#
..............#
#####!........#
#.........#
#.........#
#..........


You could see a ribbon worm, a cerulean imp (summoned), a giant cockroach and a
kobold.

Vanquished Creatures
  A gnoll (D:1)
  A dart slug (D:1)
  4 ball pythons (D:1)
  A bat (D:1)
  An endoplasm (D:1)
  2 giant cockroaches (D:1)
  4 goblins
  5 hobgoblins (D:1)
  2 quokkas (D:1)
  A kobold (D:1)
  4 rats (D:1)
26 creatures vanquished.

Notes
Turn   | Place    | Note
-------+----------+-------------------------------------------
     0 | D:1      | AlterAsc the Formicid Fighter began the quest for the Orb.
     0 | D:1      | Reached XP level 1. HP: 18/18 MP: 1/1
   129 | D:1      | Reached XP level 2. HP: 24/24 MP: 2/2
   495 | D:1      | Reached XP level 3. HP: 29/29 MP: 3/3
  1062 | D:2      | Noticed Natasha
  1074 | D:2      | Slain by a giant cockroach

Illustrated notes

Levels and vault maps discovered:
D:1:      dpeg_arrival_prison, layout_basic, minmay_hedge_maze
D:2:      layout_basic, basic_altar, hellmonk_ecumenical_altar_run_dry,
          uniq_robin, uniq_natasha

Skill      XL: |  1  2 |
---------------+-------+-----
Axes           | 3 |  3.8
Fighting       | |  3.2
Armour         | |  3.2
Shields        | |  4.0

Action                     || total
---------------------------++-------
  Melee: War axe           ||    78
Ability: Shaft Self        ||     1
 Armour: Scale mail        ||    56
  Dodge: Dodged            ||    39
  Block: Buckler           ||    26
